 Dungeon Crawl Stone Soup version 0.31-a0-931-g7b59d4eb97 (webtiles) character file.

Game seed: 12872655331867228000

634 pokeman the Magician (level 7, -1/38 HPs)
             Began as a Deep Elf Hedge Wizard on Oct 20, 2023.
             Succumbed to a kobold brigand's poison
             ... in a sewer.
             The game lasted 00:10:01 (3220 turns).

pokeman the Magician (Deep Elf Hedge Wizard)        Turns: 3220, Time: 00:10:02

Health: -1/38      AC:  7    Str: 10    XL:     7   Next: 24%
Magic:  19/20      EV: 18    Int: 21    God:
Gold:   195        SH:  0    Dex: 14    Spells: 13/21 levels left

rFire   . . .        l - +0 hand cannon
rCold   . . .        (no shield)
rNeg    . . .        z - +1 robe {Will+}
rPois   .            c - +0 hat
rElec   .            (no cloak)
rCorr   +            (no gloves)
SInv    .            (no boots)
Will    ++...        B - amulet of the acrobat
Stlth   ++           v - ring "Toboprog" {Will+ rCorr EV+5 Str+3}
HPRegen 0.26/turn    y - +4 ring of protection
MPRegen 0.17/turn

%: acrobat
@: lethally poisoned (-1 -> -19), very slow
A: no striking features
a: no special abilities


You were in a sewer.
You visited 1 branch of the dungeon, and saw 4 of its levels.
You also visited: Sewer.

You collected 195 gold pieces.

Inventory:

Hand Weapons
 l - a +0 hand cannon (weapon)
 n - a +3 short sword of venom
 o - the +5 spear of Day {freeze, Drain rPois rF+ SInv}
   (You found it on level 2 of the Dungeon)

   rF+:       It protects you from fire.
   rPois:     It protects you from poison SInv: It lets you see invisible.
   Drain:     It drains your maximum health when unequipped.
Armour
 c - a +0 hat (worn)
 z - a +1 robe of willpower (worn)
Magical Staves
 m - a staff of earth
 r - a staff of poison
Jewellery
 v - the ring "Toboprog" (left hand) {Will+ rCorr EV+5 Str+3}
   (You found it on level 2 of the Dungeon)

   [ring of evasion]

   EV+5:      It affects your evasion (+5).
   Str+3:     It affects your strength (+3).
   Will+:     It increases your willpower.
   rCorr:     It protects you from acid and corrosion.
 y - a +4 ring of protection (right hand)
 B - an amulet of the acrobat (around neck)
Scrolls
 b - a scroll of revelation {unknown}
 f - a scroll of acquirement {unknown}
 g - a scroll of poison {unknown}
 i - a scroll of blinking {unknown}
 j - a scroll of enchant weapon {unknown}
 k - a scroll of noise {unknown}
 p - a scroll of silence {unknown}
 x - a scroll of vulnerability {unknown}
 A - a scroll of identify {unknown}
 C - a scroll of fear {unknown}
Potions
 d - a potion of magic
 e - 4 potions of might
 h - a potion of ambrosia {unknown}
 q - 2 potions of enlightenment
 s - a potion of haste {unknown}
 t - 3 potions of attraction {unknown}
 u - a potion of curing {unknown}
 w - a potion of brilliance {unknown}


   Skills:
 + Level 1.0 Fighting
 - Level 1.0 Armour
 - Level 4.0 Dodging
 - Level 4.0 Stealth
 * Level 7.7 Spellcasting
 + Level 3.8 Conjurations
 - Level 1.1 Summonings
 - Level 1.1 Translocations
 + Level 0.9 Air Magic
 - Level 1.1 Earth Magic
 - Level 1.0 Poison Magic
 - Level 1.3 Evocations


You had 13 spell levels left.
You knew the following spells:

 Your Spells              Type           Power      Damage    Failure   Level
a - Magic Dart            Conj           96%        1d7       1%          1
b - Mephitic Cloud        Conj/Pois/Air  16%        N/A       11%         3
c - Call Imp              Summ           24%        N/A       8%          2
d - Blink                 Tloc           24%        N/A       8%          2

Your spell library contained the following spells:

 Spells                   Type           Power      Damage    Failure   Level
 Slow                     Hex            32%        N/A       9%          1
 Cigotuvi's Dreadful Rot  Necr/Pois/Air  20%        N/A       10%         2
 Dazzling Flash           Conj/Hex       32%        N/A       11%         3
 Volatile Blastmotes      Fire/Tloc      20%        2d11      21%         3
 Starburst                Conj/Fire      8%         6d4       99%         6
 Maxwell's Capacitive Co  Air            6%         ∞         100%        8


Dungeon Overview and Level Annotations

Branches:
Dungeon (4/15)              Sewer (1/1)
 Temple: D:4-7

Altars:
Dithmenos
Wu Jian

Shops:
D:1 *


Message History

Fire: l) +0 hand cannon
Press: ? - help, Q - select action, (/) - cycle Shift-Dir - straight line, f - kobold brigand
Aim: a kobold brigand, wielding a +2 dagger of venom and quivering poisoned darts (51% to hit)
You shoot a bolt. The bolt hits the kobold brigand!
The kobold brigand is heavily wounded.
The kobold brigand throws a poisoned dart.
The poisoned dart hits you!
You are poisoned.
The kobold brigand throws a poisoned dart.
The poisoned dart hits you!
You are lethally poisoned!
Unknown command.
Fire: l) +0 hand cannon
Press: ? - help, Q - select action, (/) - cycle Shift-Dir - straight line, f/p - kobold brigand
Aim: a kobold brigand, wielding a +2 dagger of venom and quivering poisoned darts (heavily wounded, 51% to hit)
You shoot a bolt.
The bolt barely misses the kobold brigand.
* * * LOW HITPOINT WARNING * * *
You feel extremely sick.
Unknown command.
It was a potion of might.
You feel very mighty all of a sudden.
* * * LOW HITPOINT WARNING * * *
You feel very sick.
The kobold brigand throws a poisoned dart.
The poisoned dart hits you!
You are more poisoned.
It was a potion of enlightenment.
You feel very buoyant.
You fly up into the air.
* * * LOW HITPOINT WARNING * * *
You feel very sick.
It was a potion of cancellation.
Your magical effects are unravelling.
You feel magically purged.
You float gracefully downwards.
Splash!
You fall into the shallow water.
Moving in this stuff is going to be slow.
You feel a little less mighty now.
Your enlightenment fades.
You die...

#####
#.#.#
#@#~#~
~#
#†#~#~
~#
#~#~#~#~
#))~#~~~
##K###~#
#~# #~#
#~###~#
#~~~~~#
##~~.##


You could see a kobold brigand.

Vanquished Creatures
  Grinder (D:3)
  2 kobold brigands (Sewer)
  2 hounds
  Jessica (D:3)
  2 iguanas (D:4)
  3 gnolls (D:3)
  4 adders
  A river rat (Sewer)
  A worm (D:4)
  2 dart slugs (D:1)
  2 orcs
  10 ball pythons
  5 bats
  6 endoplasms
  3 giant cockroaches
  6 hobgoblins
  6 jackals
  A quokka (D:3)
  2 frilled lizards
  7 goblins
  8 kobolds
  6 rats
81 creatures vanquished.

Notes
Turn   | Place    | Note
-------+----------+-------------------------------------------
     0 | D:1      | pokeman the Deep Elf Hedge Wizard began the quest for the
                  | Orb.
     0 | D:1      | Reached XP level 1. HP: 10/10 MP: 7/7
   451 | D:1      | Reached XP level 2. HP: 16/16 MP: 5/9
   689 | D:1      | Found Entee's General Store.
   892 | D:1      | Reached skill level 5 in Spellcasting
  1100 | D:1      | Reached XP level 3. HP: 20/20 MP: 11/11
  1104 | D:1      | Learned a level 3 spell: Mephitic Cloud
  1107 | D:1      | Learned a level 2 spell: Call Imp
  1110 | D:1      | Learned a level 2 spell: Blink
  1337 | D:2      | Identified the +5 spear of Day {freeze, Drain rPois rF+
                  | SInv}
  1423 | D:2      | Reached skill level 1 in Armour
  1505 | D:2      | Reached skill level 1 in Fighting
  1587 | D:2      | Found a faded altar of an unknown god.
  1788 | D:2      | Reached XP level 4. HP: 25/25 MP: 11/13
  1936 | D:2      | Identified the ring "Toboprog" {Will+ rCorr EV+5 Str+3}
  2242 | D:3      | Noticed Grinder
  2298 | D:3      | Killed Grinder
  2299 | D:3      | Reached skill level 6 in Spellcasting
  2299 | D:3      | Reached XP level 5. HP: 17/29 MP: 6/16
  2299 | D:3      | Reached XP level 6. HP: 20/34 MP: 6/17
  2428 | D:3      | Noticed Jessica
  2433 | D:3      | Found an ornate altar of the Wu Jian Council.
  2434 | D:3      | Killed Jessica
  2667 | D:3      | Reached skill level 7 in Spellcasting
  3111 | D:4      | Found a shadowy altar of Dithmenos.
  3143 | D:4      | Found a glowing drain.
  3154 | Sewer    | Entered a sewer
  3194 | Sewer    | Reached skill level 1 in Evocations
  3194 | Sewer    | Reached XP level 7. HP: 17/38 MP: 20/20
  3214 | Sewer    | Reached skill level 1 in Earth Magic
  3214 | Sewer    | Reached skill level 1 in Poison Magic
  3220 | Sewer    | Succumbed to a kobold brigand's poison

Illustrated notes

Levels and vault maps discovered:
D:1:      mrwooster_arrival_statue_3, layout_loops_corners, serial_shops, shop
D:2:      layout_loops_ring, chequers_ecumenical_altar_island
D:3:      layout_loops_ring, nicolae_wu_jian_wuxing_cycle, uniq_jessica,
          uniq_grinder
D:4:      layout_rooms, amcnicky_altar_gilded, serial_bayou,
          serial_bayou_lagoon_b, serial_bayou_pond_a, serial_bayou_pond_b,
          serial_bayou_pond_a, portal_sewer_entry_b
Sewer:    sewer_co_tree

Skill      XL: |  1  2  3  4  5  6  7 |
---------------+----------------------+-----
Spellcasting   | 5 6 7 |  7.7
Armour         | 1 |  1.0
Conjurations   | 2 3 |  3.8
Fighting       | 1 |  1.0
Dodging        | 3 4 |  4.0
Stealth        | 3 4 |  4.0
Evocations     | 1 |  1.3
Earth Magic    | 1 |  1.1
Poison Magic   | 1 |  1.0
Summonings     | |  1.1
Translocations | |  1.1
Air Magic      | |  0.9

Action                     |  1- 3 |  4- 6 |  7- 9 || total
---------------------------+-------+-------+-------++-------
  Melee: Hand cannon       |       |       |     1 ||     1
   Fire: Hand cannon       |    41 |    87 |     7 ||   135
   Cast: Magic Dart        |    50 |    15 |       ||    65
         Blink             |       |     2 |       ||     2
         Call Imp          |       |     2 |       ||     2
         Mephitic Cloud    |       |     3 |     1 ||     4
    Use: Potion            |       |       |     3 ||     3
 Armour: Robe              |    15 |    23 |     1 ||    39
  Dodge: Dodged            |    15 |    70 |     9 ||    94

Table legend: (Time is in decaauts)
 A = Elapsed time spent in this place.
 B = Non-inter-level travel time spent in this place.
 C = Inter-level travel time spent in this place.
 D = Time resting spent in this place.
 E = Time spent auto-exploring this place.
 F = Levels seen in this place.
 G = Mean time per level.
                   A        B        C        D        E       F      G
               +--------+--------+--------+--------+--------+-----+--------+
         Total |   3377 |   3248 |    129 |     73 |   2388 |   5 |  675.4 |
       Dungeon |   3287 |   3158 |    129 |     73 |   2358 |   4 |  821.8 |
         Sewer |     89 |     89 |      0 |      0 |     30 |   1 |   89.0 |
               +--------+--------+--------+--------+--------+-----+--------+

Top non-repeatable levels by time:
     D:1: 1305 daAuts
     D:3: 902 daAuts
     D:2: 772 daAuts
     D:4: 307 daAuts
   Sewer: 89 daAuts
